 Dungeon Crawl Stone Soup version 0.26-a0-651-gb41185065b (webtiles) character file.

Game seed: 12684956379664252922

112 Irenicus the Digger (level 4, 33/36 HPs)
             Began as a Deep Dwarf Earth Elementalist on Oct 24, 2020.
             Quit the game on level 4 of the Dungeon.
             The game lasted 00:06:13 (980 turns).

Irenicus the Digger (Deep Dwarf Earth Elementalist)  Turns: 980, Time: 00:06:13

Health: 33/36      AC:  7    Str: 12    XL:     4   Next: 63%
Magic:  5/5        EV: 11    Int: 16    God:
Gold:   127        SH:  0    Dex: 13    Spells: 3/6 levels left

rFire    . . .     SeeInvis .   o - +2 falchion (freeze)
rCold    . . .     Faith    .   (no shield)
rNeg     . . .     Spirit   .   l - +0 ring mail
rPois    .         Reflect  .   j - +0 helmet
rElec    .         Harm     .   (no cloak)
rCorr    .         Rampage  .   (no gloves)
MR       .....                  a - +0 pair of boots
Stlth    +.........             (no amulet)
HPRegen  0.00/turn              (no ring)
MPRegen  0.09/turn              (no ring)

@: mildly poisoned (33 -> 33), non-regenerating
A: damage resistance, heal wounds, sense surroundings 1, no regeneration
a: Heal Wounds


You were on level 4 of the Dungeon.
You visited 1 branch of the dungeon, and saw 4 of its levels.

You collected 127 gold pieces.

Inventory:

Hand Weapons
 o - a +2 falchion of freezing (weapon)
   (You found it on level 3 of the Dungeon)
Missiles
 b - 5 stones (quivered)
Armour
 a - a +0 pair of boots (worn)
   (You found it on level 1 of the Dungeon)
 c - a +0 robe
 j - a +0 helmet (worn)
   (You found it on level 1 of the Dungeon)
 l - a +0 ring mail (worn)
   (You found it on level 2 of the Dungeon)
Wands
 t - a wand of digging (3)
   (You found it on level 3 of the Dungeon)
Scrolls
 e - 2 scrolls of fear {unknown}
 f - 2 scrolls of remove curse {unknown}
 g - 3 scrolls of identify
 h - a scroll of enchant weapon {unknown}
 k - a scroll of amnesia {unknown}
 p - a scroll of teleportation {unknown}
 q - a scroll of noise {unknown}
 r - a scroll of enchant armour {unknown}
 s - a scroll of fog {unknown}
Potions
 d - 2 potions of curing {unknown}
 i - 5 potions of heal wounds
 m - a potion of flight
 n - a potion of might


   Skills:
 - Level 2.1 Dodging
 - Level 2.4 Stealth
 - Level 1.7 Spellcasting
 - Level 0.8 Transmutations
 + Level 7.2 Earth Magic


You had 3 spell levels left.
You knew the following spells:

 Your Spells              Type           Power        Failure   Level
a - Sandblast             Erth           ###...       2%          1
w - Passwall              Tmut/Erth      ##......     14%         2

Your spell library contained the following spells:

 Spells                   Type           Power        Failure   Level
 Stone Arrow              Conj/Erth      ##....       32%         3
 Lee's Rapid Deconstruct  Erth           ###.......   56%         5
 Petrify                  Tmut/Erth      ##......     65%         4


Dungeon Overview and Level Annotations

Branches:
Dungeon (4/15)
 Temple: D:4-7

Altars:
Elyvilon


Innate Abilities, Weirdness & Mutations

You are resistant to damage.
You can heal yourself by infusing magical energy.
You passively map a small area around you.
You do not regenerate.


Message History

Casting: Passwall (safe; 14% risk of failure)
Confirm with . or Enter, or press ? or * to list all spells.
Press: ? - help, Dir - move target cursor A rock wall.
You miscast Passwall.
You are very lightly contaminated with residual magic.
Nothing appears to happen.
You now have 2/6 mp.
Unknown command.
Casting: Passwall (safe; 14% risk of failure)
Confirm with . or Enter, or press ? or * to list all spells.
Press: ? - help, Dir - move target cursor A rock wall.
You begin to meditate on the wall.
You continue meditating on the rock. x2
You finish merging with the rock.
You now have 0/6 mp.
Your magical contamination has completely faded away.
There is a stone staircase leading down here.
You climb downwards.
There is a stone staircase leading up here.
i - 5 potions of heal wounds (gained 1)
A giant cockroach comes into view.
An orc wizard comes into view. It is wielding a +0 dagger of venom.
You barely miss the giant cockroach. The giant cockroach bites you.
The giant cockroach barely misses you.
You riposte.
You closely miss the giant cockroach. You hit the giant cockroach.
You freeze the giant cockroach.
The giant cockroach is heavily wounded.
The giant cockroach closely misses you.
You riposte.
You closely miss the giant cockroach.
The giant cockroach is heavily wounded.
Casting: Passwall (safe; 14% risk of failure)
Confirm with . or Enter, or press ? or * to list all spells.
Aiming: Sandblast (safe; 2% risk of failure)
Press: ? - help, Shift-Dir - straight line, f - giant cockroach
Aim: a giant cockroach (heavily wounded)
Okay, then.
You hit the giant cockroach. You freeze the giant cockroach.
You kill the giant cockroach!
An orc comes into view.
The orc wizard gestures at you while chanting.
The puff of flame hits you.
You take 1 damage, and have 20/36 hp.
Casting: Sandblast (safe; 2% risk of failure)
Confirm with . or Enter, or press ? or * to list all spells.
You don't know that spell.
Unknown command.
Casting: Sandblast (safe; 2% risk of failure)
Confirm with . or Enter, or press ? or * to list all spells.
You don't know that spell.
Unknown command. 3 orcs come into view.
An orc is wielding a +1 dagger of venom.
The orc shouts!
The orc wizard closely misses you.
You closely miss the orc wizard.
The orc wizard hits you with a +0 dagger of venom.
The orc wizard misses you.
The orc shouts! x2
You hit the orc wizard but do no damage.
The orc wizard misses you.
You hit the orc wizard. You freeze the orc wizard.
The orc wizard is moderately wounded.
The orc wizard barely misses you.
You hit the orc wizard. You freeze the orc wizard.
The orc wizard is almost dead.
The orc wizard hits you but does no damage.
You are poisoned.
The orc barely misses you.
The orc wizard hits you with a +0 dagger of venom.
The orc hits you but does no damage.
You take 1 damage, and have 19/36 hp.
You closely miss the orc. The orc closely misses you.
The orc wizard mumbles some strange words.
The orc wizard flickers and vanishes!
Deactivating autopickup; reactivate with Ctrl-A.
You hit the orc. You freeze the orc.
The orc is severely wounded.
The orc closely misses you.
You hit the orc. You freeze the orc.
You kill the orc!
The orc barely misses you.
You hit the orc. You freeze the orc.
You kill the orc!
You hear some strange, mumbled words.
A puff of flame appears from out of thin air!
The puff of flame hits you!
* * * LOW HITPOINT WARNING * * *
You take 11 damage, and have 8/36 hp.
MASSIVE DAMAGE!!
You closely miss the orc. The orc hits you but does no damage.
You hit the orc. You freeze the orc.
The orc is almost dead.
The orc barely misses you. The orc hits you but does no damage.
Okay, then.
Your magical essence is drained by the effort!
You feel much better. The orc barely misses you.
You riposte.
You hit the orc. You freeze the orc.
You kill the orc!
You regained 25 hp, and now have 33/36 hp.
Are you sure you want to abandon this character and quit the game? (Confirm with "yes".)

##### , *
#..<# * * ,
, ##.####.#,
* #.......#
* #.#.###.#
* ,
#.#.###.##.#
#........?..
###.###.##..
#@# , +,
#)####* * ,
#.o..#
#.....#
#.....#
#.....#
#$....#*
#.....+
#.....#


You could see an orc.

Vanquished Creatures
  6 adders
  A worm (D:2)
  A dart slug (D:3)
  3 leopard geckos
  9 orcs
  3 bats
  5 giant cockroaches
  3 hobgoblins (D:1)
  4 jackals (D:1)
  A quokka (D:2)
  A ball python (D:1)
  2 frilled lizards
  2 kobolds
  2 rats (D:2)
43 creatures vanquished.

Notes
Turn   | Place    | Note
-------+----------+-------------------------------------------
     0 | D:1      | Irenicus the Deep Dwarf Earth Elementalist began the quest
                  | for the Orb.
     0 | D:1      | Reached XP level 1. HP: 15/15 MP: 3/3
   165 | D:1      | Reached XP level 2. HP: 13/22 MP: 0/4
   258 | D:1      | Learned a level 2 spell: Passwall
   317 | D:1      | Reached skill level 5 in Earth Magic
   425 | D:2      | Reached XP level 3. HP: 10/28 MP: 0/5
   552 | D:2      | Reached skill level 6 in Earth Magic
   731 | D:3      | Found a white marble altar of Elyvilon.
   734 | D:3      | Reached XP level 4. HP: 32/36 MP: 3/6
   795 | D:3      | Reached skill level 7 in Earth Magic
   976 | D:4      | HP: 8/36 [something/puff of flame (11)]
   980 | D:4      | Quit the game

Illustrated notes

Levels and vault maps discovered:
D:1:      heliophobic_arrival_ceremonial_halls, layout_rooms
D:2:      layout_rooms
D:3:      layout_basic, elyvilon_altar_4, uniq_terence
D:4:      layout_basic, uniq_menkaure

Skill      XL: |  1  2  3  4 |
---------------+-------------+-----
Earth Magic    | 5 6 7 |  7.2
Dodging        | |  2.1
Stealth        | |  2.4
Spellcasting   | |  1.7
Transmutations | |  0.8

Action                   |  1- 3 |  4- 6 || total
-------------------------+-------+-------++-------
Melee: Mace              |    49 |       ||    49
       Falchion          |       |    32 ||    32
 Cast: Sandblast         |    38 |    14 ||    52
       Passwall          |       |     3 ||     3
 Abil: Heal Wounds       |       |     1 ||     1
  Use: Scroll            |     1 |     2 ||     3
       Potion            |     1 |       ||     1
Armor: Robe              |    12 |       ||    12
       Ring mail         |     5 |    12 ||    17
Dodge: Dodged            |    55 |    26 ||    81
       Rpst.: Falchion   |       |     8 ||     8

Table legend: (Time is in decaauts)
 A = Elapsed time spent in this place.
 B = Non-inter-level travel time spent in this place.
 C = Inter-level travel time spent in this place.
 D = Time resting spent in this place.
 E = Time spent auto-exploring this place.
 F = Levels seen in this place.
 G = Mean time per level.
                   A        B        C        D        E       F      G
               +--------+--------+--------+--------+--------+-----+--------+
         Total |   1008 |    978 |     30 |      0 |      0 |   4 |  252.0 |
       Dungeon |   1008 |    978 |     30 |      0 |      0 |   4 |  252.0 |
               +--------+--------+--------+--------+--------+-----+--------+

Top non-repeatable levels by time:
     D:1: 390 daAuts
     D:2: 354 daAuts
     D:3: 231 daAuts
     D:4: 31 daAuts

Table legend:
 A = Kills in this place as a percentage of kills in entire the game.
 B = Kills by you in this place as a percentage of kills by you in the entire game.
 C = Kills by friends in this place as a percentage of kills by friends in the entire game.
 D = Other kills in this place as a percentage of other kills in the entire game.
 E = Experience gained in this place as a percentage of experience gained in the entire game.
 F = Experience gained in this place divided by the number of levels of this place that you have seen.
                   A       B       C       D       E      F
               +-------+-------+-------+-------+-------+----------------------
         Total | 100.0 | 100.0 |   N/A |   N/A | 100.0 |  40.0
       Dungeon | 100.0 | 100.0 |   N/A |   N/A | 100.0 |  40.0
               +-------+-------+-------+-------+-------+----------------------
